 Dungeon Crawl Stone Soup version 0.30-a0-578-gdee14c521f (webtiles) character file.

Game seed: 10441684717387701160

24288 wormed the Marksspriggan (level 12, 0/60 HPs)
             Began as a Spriggan Hunter on Jan 1, 2023.
             Was the Champion of Okawaru.
             Slain by a bog body (19 damage)
             ... in an ice cave.
             The game lasted 00:24:49 (11977 turns).

wormed the Marksspriggan (Spriggan Hunter)         Turns: 11977, Time: 00:24:50

Health: 0/60       AC: 10    Str:  7    XL:     12   Next: 79%
Magic:  19/19      EV: 25    Int: 11    God:    Okawaru [******]
Gold:   27         SH:  0    Dex: 21    Spells: 17/19 levels left

rFire   . . .      SeeInvis +    S - +3 greatsling "Punk" {acid, rCorr}
rCold   . . .      Faith    .    (no shield)
rNeg    + + +      Spirit   .    R - +3 robe "Tahous" {+Blink rN+++ Will+ Dex-2}
rPois   .          Reflect  .    j - +1 hat
rElec   .          Harm     .    (no cloak)
rCorr   +          Rampage  .    (gloves unavailable)
Will    +++..                    (boots unavailable)
Stlth   +++++                    i - amulet of regeneration
HPRegen 1.10/turn                p - +4 ring of slaying
MPRegen 0.16/turn                G - +4 ring of protection

@: very quick
A: very small, no large weapons, unfitting armour, see invisible, speed 3
a: Renounce Religion, Evoke Blink, Heroism, Finesse, Duel


You were in an ice cave.
You worshipped Okawaru.
Okawaru was exalted by your worship.
You visited 3 branches of the dungeon, and saw 13 of its levels.
You also visited: Ice Cave.

You collected 675 gold pieces.
You spent 648 gold pieces at shops.

Inventory:

Hand Weapons
 S - the +3 greatsling "Punk" (weapon) {acid, rCorr}
   (You acquired it on level 2 of the Dungeon)

   Any ammunition fired from it is coated in acid, damaging and corroding those
   it strikes.
   rCorr:     It protects you from acid and corrosion.
Missiles
 v - 6 throwing nets
Armour
 j - a +1 hat (worn)
 x - a +2 robe of willpower
 R - the +3 robe "Tahous" (worn) {+Blink rN+++ Will+ Dex-2}
   (Okawaru gifted it to you on level 11 of the Dungeon)

   Dex:       It affects your dexterity (-2).
   rN:        It renders you almost immune to negative energy.
   +Blink:    It lets you blink.
   Will:      It increases your willpower.
Jewellery
 a - a ring of protection from fire
 i - an amulet of regeneration (around neck)
 l - a ring of ice
 p - a +4 ring of slaying (left hand)
 G - a +4 ring of protection (right hand)
 O - an amulet of reflection
Wands
 c - a wand of acid (5)
 r - a wand of flame (30)
 A - a wand of paralysis (12)
 F - a wand of iceblast (18)
 J - a wand of mindburst (19)
Scrolls
 b - 6 scrolls of immolation
 d - 4 scrolls of teleportation {unknown}
 m - 2 scrolls of poison {unknown}
 n - a scroll of fog {unknown}
 o - a scroll of butterflies {unknown}
 s - 2 scrolls of vulnerability {unknown}
 t - 4 scrolls of silence {unknown}
 u - 2 scrolls of enchant armour {unknown}
 y - a scroll of brand weapon {unknown}
 z - 2 scrolls of blinking {unknown}
 B - 3 scrolls of enchant weapon {unknown}
 I - 2 scrolls of fear {unknown}
 K - 4 scrolls of noise {unknown}
 L - a scroll of amnesia {unknown}
 N - a scroll of magic mapping {unknown}
 T - 3 scrolls of identify
Potions
 e - a potion of haste
 f - 2 potions of attraction
 g - 3 potions of brilliance
 h - 2 potions of might
 k - 5 potions of curing
 q - 3 potions of cancellation
 w - 5 potions of flight
 C - 3 potions of lignification
 D - 3 potions of degeneration
 E - 2 potions of resistance
 H - a potion of ambrosia {unknown}
 M - a potion of berserk rage {unknown}
 P - 2 potions of magic {unknown}
Miscellaneous
 Q - a condenser vane


   Skills:
 - Level 5.7 Fighting
 - Level 16.0 Ranged Weapons
 - Level 9.2 Dodging
 - Level 10.5 Stealth
 - Level 4.0 Spellcasting
 - Level 6.0 Translocations
 * Level 6.7 Invocations
 + Level 6.1 Evocations


You had 17 spell levels left.
You knew the following spells:

 Your Spells              Type           Power      Damage    Failure   Level
a - Blink                 Tloc           30%        N/A       3%          2

Your spell library contained the following spells:

 Spells                   Type           Power      Damage    Failure   Level
 Portal Projectile        Hex/Tloc       16%        N/A       21%         3
 Manifold Assault         Tloc           15%        N/A       21%         4
 Kiss of Death            Conj/Necr      8%         2d6       24%         1
 Kindle Blastsparks       Fire/Tloc/Air  12%        2d11      30%         3
 Scorch                   Fire           4%         2d5       34%         2
 Confusing Touch          Hex            2%         N/A       56%         3
 Ignite Poison            Fire/Tmut/Pois 2%         N/A       56%         3
 Dispel Undead            Necr           2%         3d7       93%         4
 Flame Wave               Conj/Fire      2%         2d4       93%         4
 Blade Hands              Tmut           1%         N/A       100%        5
 Freezing Cloud           Conj/Ice/Air   1%         6-21      100%        5
 Storm Form               Tmut/Air       1%         N/A       100%        7
 Polar Vortex             Ice            1%         N/A       100%        9
 Tukima's Dance           Hex            Unusable   N/A       N/A         3
 Simulacrum               Ice/Necr       Unusable   N/A       N/A         6
 Summon Cactus Giant      Summ           Unusable   N/A       N/A         6

Dungeon Overview and Level Annotations

Branches:
Dungeon (11/15)            Temple (1/1) D:7            Lair (1/5) D:11
  IceCv (1/1)
    Orc: D:9-12

Altars:
Ashenzari
Cheibriados
Dithmenos
Elyvilon
Fedhas
Gozag
Hepliaklqana
Kikubaaqudgha
Makhleb
Nemelex Xobeh
Okawaru
Qazlal
Ru
Sif Muna
Trog
Uskayaw
Vehumet
Wu Jian
Xom
Yredelemnul
Zin
The Shining One

Shops:
D:2 !?=   D:6 (   D:7 :

Annotations:
D:8 3 runed translucent doors, Farfigtubin's ghost, novice GrEE


Innate Abilities, Weirdness & Mutations

You are very small and have problems with some larger weapons.
You are too small for most types of armour.
You have supernaturally acute eyesight. (SInv)
You cover ground extremely quickly. (Speed+++)


Message History

The necromancer shouts!
The necromancer casts a spell.
The necromancer binds the souls of nearby monsters.
You shoot a sling bullet.
The sling bullet barely misses the bog body.
You shoot a sling bullet. The sling bullet hits the bog body.
The bog body is splashed with acid.
The acid corrodes the bog body!
The bog body is moderately damaged.
You shoot a sling bullet.
The sling bullet closely misses the bog body.
The bog body barely misses you.
The necromancer casts a spell.
The necromancer binds the souls of nearby monsters.
You shoot a sling bullet.
The sling bullet barely misses the bog body.
The bog body closely misses you.
The necromancer points at you and mumbles some strange words.
The bolt of negative energy misses the bog body.
The bolt of negative energy hits you but does no damage.
You resist.
You shoot a sling bullet. The sling bullet hits the bog body.
The bog body is splashed with acid.
The bog body seems to be corroded for longer.
The bog body is severely damaged.
You shoot a sling bullet. The sling bullet hits the bog body.
The bog body is splashed with acid!
The bog body seems to be corroded for longer.
The bog body is almost destroyed.
The bog body barely misses you.
The necromancer points at you and mumbles some strange words.
The bolt of negative energy hits the bog body.
The bog body completely resists.
The bolt of negative energy misses you.
You shoot a sling bullet.
The sling bullet barely misses the bog body.
The bog body casts a spell at you. The bolt of cold hits you!!
You shoot a sling bullet.
The sling bullet closely misses the bog body.
The bog body touches you! The bog body freezes you!!
You die...

############
#.'.........
#.#####'#### ##.#
#.#.#.#.
######8.#+#○#.#'#'
#.......#.........
#@#####.#.8.8.8.8.
##n#?.[#.#.........
#⌠.p.⌠p#.+......)..
##.#:.[#.#.........
#.#####.#.8.8.8.8.
#.. ..#.........
#### .#+#'#.#'#'
#.#.#.#. ###+####


You could see a necromancer and a bog body (corroded).

Vanquished Creatures
  Snorg (D:9)
  Harold (D:10)
  6 two-headed ogres
  A boulder beetle (D:11)
  Sonja (D:9)
  3 cyclopes
  2 manticores (D:11)
  5 cane toads
  2 ice statues (IceCv)
  Maggie (D:9)
  2 komodo dragons
  5 ice devils (IceCv)
  2 unseen horrors
  An anaconda simulacrum (IceCv)
  5 trolls
  A polar bear (Lair:1)
  3 hornets
  3 wraiths
  A shadow (D:10)
  17 yaks
  A vampire (D:7)
  A wyvern (D:11)
  4 dire elephant simulacra (IceCv)
  A death yak simulacrum (IceCv)
  A steam dragon (D:9)
  A water moccasin (Lair:1)
  3 acid dragons
  3 hydra simulacra (IceCv)
  3 sky beasts
  3 orc warriors
  3 ice beasts
  5 black bears
  5 centaurs
  3 ogres
  5 wolves
  3 kobold brigands
  2 phantoms
  The ghost of porpoise the Shooter, an amateur TeHs (D:6)
  4 bullfrogs
  2 scorpions
  3 wights (D:6)
  6 killer bees
  The ghost of Paroid the Conjurer, a weakling DrHW (D:3)
  2 electric eels (D:7)
  5 howler monkeys
  2 bullfrog zombies (D:3)
  3 jellies
  4 hounds
  3 gnoll boudas (D:9)
  6 orc priests
  3 iguanas
  8 orc wizards
  A killer bee zombie (D:3)
  15 gnolls
  A howler monkey skeleton (D:3)
  A river rat (D:6)
  5 adders
  4 white imps
  2 ufetubi
  3 worms
  3 dart slugs
  25 orcs
  8 ball pythons
  4 endoplasms
  2 giant cockroaches
  8 goblins
  7 hobgoblins
  7 jackals
  21 kobolds
  A quokka (D:4)
  5 bats
  3 frilled lizards
  6 rats
295 creatures vanquished.

Vanquished Creatures (others)
  An orc wizard (D:6)
  2 fungi
  10 plants
13 creatures vanquished.

Grand Total: 308 creatures vanquished

Notes
Turn   | Place    | Note
-------+----------+-------------------------------------------
     0 | D:1      | wormed the Spriggan Hunter began the quest for the Orb.
     0 | D:1      | Reached XP level 1. HP: 10/10 MP: 2/2
    71 | D:1      | Reached XP level 2. HP: 9/15 MP: 3/3
   571 | D:1      | Reached XP level 3. HP: 18/18 MP: 4/4
   854 | D:2      | Found Zarian's Distillery.
   858 | D:2      | Reached XP level 4. HP: 23/23 MP: 5/5
   873 | D:2      | Found Roystrips's Magic Scroll Emporium.
   945 | D:2      | Found Bocof's Jewellery Emporium.
   950 | D:2      | Bought a scroll of identify for 24 gold pieces
  1389 | D:3      | Reached skill level 5 in Ranged Weapons
  1414 | D:3      | Found a runed translucent gate.
  1414 | D:3      | Found a runed translucent gate.
  1414 | D:3      | Found a runed translucent gate.
  1482 | D:3      | Found a large runed translucent door.
  1493 | D:3      | Found a large runed translucent door.
  1505 | D:3      | Found a shimmering altar of Xom.
  1828 | D:3      | Noticed Paroid's ghost (weakling DrHW)
  2251 | D:4      | Reached XP level 5. HP: 27/27 MP: 6/6
  2320 | D:4      | Noticed an ice beast
  2357 | D:4      | Killed an ice beast
  2701 | D:4      | Reached XP level 6. HP: 32/32 MP: 7/7
  2993 | D:5      | Entered Level 5 of the Dungeon
  3124 | D:5      | Found a glowing silver altar of Zin.
  3163 | D:5      | Noticed a yak
  3163 | D:5      | Noticed a yak
  3164 | D:5      | Noticed a yak
  3164 | D:5      | Noticed a yak
  3176 | D:5      | Noticed a yak
  3199 | D:5      | Killed a yak
  3200 | D:5      | Reached skill level 6 in Ranged Weapons
  3200 | D:5      | Reached skill level 5 in Dodging
  3200 | D:5      | Reached skill level 5 in Stealth
  3234 | D:5      | Reached XP level 7. HP: 36/36 MP: 8/8
  3546 | D:5      | Noticed a yak
  3734 | D:6      | Found Sunevoe's Weapon Emporium.
  3756 | D:6      | Reached skill level 7 in Ranged Weapons
  3759 | D:6      | Found a runed translucent door.
  3787 | D:6      | Reached XP level 8. HP: 40/42 MP: 9/9
  3793 | D:6      | Noticed porpoise's ghost (amateur TeHs)
  3831 | D:6      | Killed porpoise's ghost
  3875 | D:6      | Found a runed translucent door.
  4036 | D:6      | Noticed a hornet
  4044 | D:6      | Paralysed by a hornet for 2 turns
  4053 | D:6      | Killed a hornet
  4109 | D:6      | Reached skill level 8 in Ranged Weapons
  4486 | D:7      | Found Voczank's Book Boutique.
  4536 | D:7      | Noticed a cyclops
  4576 | D:7      | Reached XP level 9. HP: 46/46 MP: 10/10
  4678 | D:7      | Found a staircase to the Ecumenical Temple.
  4687 | Temple   | Entered the Ecumenical Temple
  4834 | Temple   | Became a worshipper of Warmaster Okawaru
  4936 | D:7      | Identified the +1 troll leather armour of the Dice {Regen+
                  | Dex+2}
  4975 | D:7      | Reached skill level 9 in Ranged Weapons
  5036 | D:7      | Reached * piety under Okawaru
  5037 | D:7      | Reached skill level 5 in Fighting
  5444 | D:7      | Killed a cyclops
  5621 | D:7      | Reached ** piety under Okawaru
  5640 | D:7      | Found a sparkling altar of Nemelex Xobeh.
  6228 | D:3      | Killed Paroid's ghost
  6477 | D:5      | Reached skill level 10 in Ranged Weapons
  6477 | D:5      | Reached skill level 10 in Stealth
  6542 | D:5      | Reached XP level 10. HP: 51/51 MP: 11/11
  6763 | D:8      | Reached *** piety under Okawaru
  6885 | D:8      | Found a shimmering blue altar of Sif Muna.
  6885 | D:8      | Found an opulent altar of Gozag.
  6885 | D:8      | Found a radiant altar of Vehumet.
  6921 | D:8      | Found a runed translucent gate.
  6925 | D:8      | Learned a level 2 spell: Blink
  6928 | D:8      | Found a runed translucent gate.
  6929 | D:8      | Found a runed translucent gate.
  6929 | D:8      | Noticed a nine-headed hydra
  6930 | D:8      | Noticed Farfigtubin's ghost (novice GrEE)
  6931 | D:8      | Noticed a nine-headed hydra
  7494 | D:9      | Reached skill level 1 in Translocations
  7539 | D:9      | Reached skill level 1 in Spellcasting
  7630 | D:9      | Paralysed by a hornet for 3 turns
  7758 | D:9      | Found a white marble altar of Elyvilon.
  7758 | D:9      | Found a blossoming altar of Fedhas.
  7837 | D:9      | Noticed Maggie
  7899 | D:9      | Killed Maggie
  7935 | D:9      | Reached **** piety under Okawaru
  7936 | D:9      | Reached skill level 11 in Ranged Weapons
  8030 | D:9      | Received a gift from Okawaru
  8355 | D:10     | Entered Level 10 of the Dungeon
  8369 | D:10     | Noticed Snorg
  8469 | D:10     | Noticed a two-headed ogre
  8529 | D:10     | Noticed Sonja
  8711 | D:9      | Noticed a two-headed ogre
  8734 | D:9      | Killed Snorg
  8735 | D:9      | Reached skill level 5 in Translocations
  8781 | D:9      | Killed a two-headed ogre
  8782 | D:9      | Reached skill level 12 in Ranged Weapons
  8782 | D:9      | Reached XP level 11. HP: 56/56 MP: 18/18
  8810 | D:10     | Reached ***** piety under Okawaru
  8977 | D:10     | Noticed Harold
  9046 | D:10     | Killed Harold
  9122 | D:10     | Noticed a two-headed ogre
  9183 | D:10     | Killed a two-headed ogre
  9184 | D:10     | Reached skill level 13 in Ranged Weapons
  9335 | D:9      | Killed Sonja
  9683 | D:11     | Reached skill level 14 in Ranged Weapons
  9764 | D:10     | Reached ****** piety under Okawaru
  9797 | D:10     | Killed a two-headed ogre
  9960 | D:11     | Found a staircase to the Lair.
 10331 | D:11     | Reached skill level 15 in Ranged Weapons
 10367 | D:11     | Noticed a boulder beetle
 10383 | D:11     | Identified the +3 robe "Tahous" {+Blink rN+++ Will+ Dex-2}
                  | (Okawaru gifted it to you on level 11 of the Dungeon)
 10383 | D:11     | Received a gift from Okawaru
 10459 | D:11     | Killed a boulder beetle
 10460 | D:11     | Reached XP level 12. HP: 60/60 MP: 19/19
 10494 | D:11     | Noticed a two-headed ogre
 10676 | D:2      | Bought a scroll of acquirement for 624 gold pieces
 10676 | D:2      | Acquired the +3 greatsling "Punk" {acid, rCorr}
 10676 | D:2      | Found the +3 greatsling "Punk" {acid, rCorr}
 11038 | D:11     | Killed a two-headed ogre
 11086 | D:11     | Noticed a two-headed ogre
 11109 | D:11     | Killed a two-headed ogre
 11110 | D:11     | Reached skill level 16 in Ranged Weapons
 11110 | D:11     | Reached skill level 1 in Invocations
 11110 | D:11     | Reached skill level 1 in Evocations
 11185 | D:11     | Noticed a two-headed ogre
 11202 | D:11     | Killed a two-headed ogre
 11289 | Lair:1   | Entered Level 1 of the Lair of Beasts
 11501 | Lair:1   | Found a frozen archway.
 11659 | IceCv    | Entered an ice cave
 11673 | IceCv    | Reached skill level 5 in Invocations
 11700 | IceCv    | Reached skill level 5 in Evocations
 11738 | IceCv    | Received a gift from Okawaru
 11925 | IceCv    | Identified the +5 broad axe of the Barnacled God {spect,
                  | Str+3 Dex+3} (Okawaru gifted it to you in an ice cave)
 11925 | IceCv    | Received a gift from Okawaru
 11977 | IceCv    | Slain by a bog body

Illustrated notes

Levels and vault maps discovered:
D:1:      dpeg_arrival_fog, layout_loops_ring, due_unseen_surprise
D:2:      layout_rooms, serial_shops, shop, shop, shop
D:3:      due_chaos_kobolds, layout_basic, gammafunk_ghost_necromancy,
          minivault_24
D:4:      layout_gridville
D:5:      layout_rooms, marbit_many_paths, water_maze_lemuel
D:6:      layout_basic, serial_shops, nicolae_shop_competitors_out_of_business,
          ebering_ghost_sewer_f
D:7:      nzn_winding_woodlands_cross [nzn_winding_woodlands_5x15_split_checker,
          nzn_winding_woodlands_5x15_pockets, nzn_winding_woodlands_5x15_cabin,
          nzn_winding_woodlands_5x15_concentric,
          nzn_winding_woodlands_15x15_eel_pit], layout_gridville,
          mainiacjoe_overflow_surrounded_room, minmay_temple_entry_mini_moons,
          serial_shops, nicolae_shop_stone, serial_rivers,
          chequers_serial_rivers_micro_d, chequers_serial_rivers_small_3,
          chequers_serial_rivers_large_b, chequers_serial_rivers_large_a,
          kennysheep_generic_room_11
D:8:      layout_gridville, grunt_temple_overflow_open,
          gammafunk_ghost_hydra_chop, chequers_serial_rivers_micro_c
D:9:      layout_roguey, gammafunk_temple_overflow_wave,
          minmay_misc_feat_plants, uniq_maggie
D:10:     layout_loops_ring, minmay_misc_feat_iff, minmay_misc_feat_tower,
          chequers_serial_rivers_micro_b, st_stairs_3, uniq_harold, uniq_snorg,
          uniq_sonja
D:11:     minmay_razor_zed, layout_loops_ring, david_lair_generic
Temple:   regret_index_temple_waves
Lair:1:   layout_regular_city, portal_ice_cave_entry_pillars_2,
          beast_lair_carwin_1
IceCv:    ice_cave_tombish

Skill      XL: |  1  2  3  4  5  6  7  8  9 10 11 12 |
---------------+-------------------------------------+-----
Stealth        | 2 3 4 5 6 8 10 | 10.5
Dodging        | 3 4 5 6 7 8 9 |  9.2
Fighting       | 2 3 4 5 |  5.7
Ranged Weapons | 5 6 7 8 10 12 15 16 | 16.0
Translocations | 5 6 |  6.0
Spellcasting   | 4 |  4.0
Invocations    | 6 |  6.7
Evocations     | 6 |  6.1

Action                   |  1- 3 |  4- 6 |  7- 9 | 10-12 || total
-------------------------+-------+-------+-------+-------++-------
 Fire: Shortbow          |    83 |   134 |   373 |   583 ||  1173
       Greatsling        |       |       |       |   175 ||   175
Evoke: Wand              |       |       |     2 |     1 ||     3
  Use: Scroll            |       |     5 |     1 |     7 ||    13
       Potion            |       |       |     1 |     3 ||     4
Armor: Robe              |     4 |    10 |     8 |    37 ||    59
Dodge: Dodged            |    39 |    46 |   128 |   285 ||   498

Table legend: (Time is in decaauts)
 A = Elapsed time spent in this place.
 B = Non-inter-level travel time spent in this place.
 C = Inter-level travel time spent in this place.
 D = Time resting spent in this place.
 E = Time spent auto-exploring this place.
 F = Levels seen in this place.
 G = Mean time per level.
                   A        B        C        D        E       F      G
               +--------+--------+--------+--------+--------+-----+--------+
         Total |   8146 |   7421 |    725 |    119 |   4727 |  14 |  581.9 |
       Dungeon |   7621 |   6955 |    666 |     82 |   4474 |  11 |  692.8 |
        Temple |    116 |     69 |     47 |      0 |     53 |   1 |  116.0 |
          Lair |    188 |    177 |     11 |      0 |    126 |   1 |  188.0 |
      Ice Cave |    220 |    220 |      0 |     37 |     72 |   1 |  220.0 |
               +--------+--------+--------+--------+--------+-----+--------+

Top non-repeatable levels by time:
     D:7: 1016 daAuts
     D:3: 891 daAuts
     D:9: 862 daAuts
    D:10: 834 daAuts
    D:11: 776 daAuts
     D:6: 718 daAuts
     D:8: 564 daAuts
     D:4: 559 daAuts
     D:5: 544 daAuts
     D:1: 491 daAuts
     D:2: 361 daAuts
   IceCv: 220 daAuts
  Lair:1: 188 daAuts
  Temple: 116 daAuts
